 Dungeon Crawl Stone Soup version 0.31-a0-1300-gb6740aa4e6 (webtiles) character file.

Game seed: 5276521530894356417

22302 Rennog the Fighter (level 12, -20/98 HPs)
             Began as a Gnoll Wanderer on Dec 18, 2023.
             Was a Follower of Dithmenos.
             Demolished by a very large slime creature (42 damage)
             ... on level 14 of the Dungeon.
             The game lasted 00:28:46 (17916 turns).

Rennog the Fighter (Gnoll Wanderer)                Turns: 17916, Time: 00:28:47

Health: -20/98     AC: 21    Str: 19    XL:     12   Next: 99%
Magic:  24/24      EV: 14    Int: 12    God:    Dithmenos [*.....]
Gold:   2045       SH:  0    Dex: 16    Spells: 27/28 levels left

rFire   + + .        G - +8 whip "Entarraf" {drain, Str+2 Dex+2 Stlth+}
rCold   . . .        (no shield)
rNeg    . . .        c - +0 plate armour
rPois   +            V - +0 helmet "Vubb" {Stlth+}
rElec   .            j - +1 cloak {rPois}
rCorr   +            A - +0 pair of gloves
SInv    +            N - +1 pair of boots
Will    .....        (no amulet)
Stlth   ++           S - ring "Cunoonko" {rPois rF++ rCorr Dex+3 SInv}
HPRegen 0.36/turn    P - +5 ring of evasion
MPRegen 0.19/turn

%: no passive effects
@: wreathed by umbra
A: fangs 1, strong nose, distributed training
a: Renounce Religion


You were on level 14 of the Dungeon.
You worshipped Dithmenos.
Dithmenos was aware of your devotion.
You visited 1 branch of the dungeon, and saw 15 of its levels.
You also visited: Trove and Sewer.

You collected 2538 gold pieces.
You spent 493 gold pieces at shops.

Inventory:

Hand Weapons
 a - a +0 hand axe
 e - a +1 spear of flaming
 G - the +8 whip "Entarraf" (weapon) {drain, Str+2 Dex+2 Stlth+}
   (You found it on level 5 of the Dungeon)

   Str+2:     It affects your strength (+2).
   Dex+2:     It affects your dexterity (+2).
   Stlth+:    It makes you more stealthy.
 W - a +2 demon whip of venom
Missiles
 F - 3 throwing nets
 T - 3 atropa-tipped darts (quivered)
Armour
 c - a +0 plate armour (worn)
 j - a +1 cloak of poison resistance (worn)
 k - a +0 helmet
 s - a +0 cloak of preservation
 A - a +0 pair of gloves (worn)
 N - a +1 pair of boots (worn)
 R - the scarf of Uteaqas {harm, Will+ Regen+ rCorr}
   (You found it in a treasure trove)

   Will+:     It increases your willpower.
   Regen+:    It increases your rate of health regeneration.
   rCorr:     It protects you from acid and corrosion.
 V - the +0 helmet "Vubb" (worn) {Stlth+}
   (You found it in a treasure trove)

   Stlth+:    It makes you more stealthy.
Jewellery
 p - a ring of wizardry
 J - a +6 ring of dexterity
 O - a ring of wizardry
 P - a +5 ring of evasion (right hand)
 S - the ring "Cunoonko" (left hand) {rPois rF++ rCorr Dex+3 SInv}
   (You found it in a treasure trove)

   [ring of see invisible]

   Dex+3:     It affects your dexterity (+3).
   rF++:      It greatly protects you from fire.
   rPois:     It protects you from poison SInv: It lets you see invisible.
   rCorr:     It protects you from acid and corrosion.
 U - the ring "Maurea Lufe" {*Corrode Fly rN+ AC+4}
   (You found it in a treasure trove)

   [ring of protection]

   AC+4:      It affects your AC (+4).
   rN+:       It protects you from negative energy.
   Fly:       It grants you flight.
   *Corrode:  It may corrode you when you take damage.
 X - a +6 ring of dexterity
Wands
 b - a wand of roots (22)
 w - a wand of polymorph (11)
 y - a wand of charming (11)
 B - a wand of flame (18)
 K - a wand of mindburst (11)
Scrolls
 f - 2 scrolls of immolation
 i - 4 scrolls of poison
 l - a scroll of noise {unknown}
 n - 3 scrolls of enchant armour
 o - 2 scrolls of vulnerability
 t - 2 scrolls of enchant weapon
 u - a scroll of brand weapon
 x - a scroll of summoning {unknown}
 z - 2 scrolls of revelation {unknown}
 C - 4 scrolls of teleportation
 L - a scroll of fog
 M - 2 scrolls of amnesia {unknown}
 Q - a scroll of identify
Potions
 d - a potion of enlightenment {unknown}
 g - 15 potions of curing {unknown}
 h - a potion of ambrosia {unknown}
 m - 5 potions of attraction {unknown}
 q - 3 potions of haste
 r - a potion of magic {unknown}
 v - a potion of mutation {unknown}
 D - 3 potions of lignification
 E - 3 potions of heal wounds
 H - 3 potions of might {unknown}
 I - a potion of resistance {unknown}
 Y - a potion of cancellation {unknown}


   Skills:
 + Level 10.3 Fighting
 + Level 7.9 Short Blades
 + Level 7.9 Long Blades
 + Level 8.4 Axes
 + Level 7.9 Maces & Flails
 + Level 7.9 Polearms
 + Level 7.9 Staves
 + Level 7.9 Ranged Weapons
 + Level 7.9 Throwing
 + Level 7.9 Armour
 + Level 9.2 Dodging
 + Level 7.9 Stealth
 + Level 7.9 Shields
 + Level 7.9 Unarmed Combat
 + Level 8.5 Spellcasting
 + Level 8.7 Conjurations
 + Level 6.6 Hexes
 + Level 6.6 Summonings
 + Level 6.6 Necromancy
 + Level 6.6 Translocations
 + Level 6.6 Transmutations
 + Level 6.6 Fire Magic
 + Level 6.6 Ice Magic
 + Level 6.6 Air Magic
 + Level 6.6 Earth Magic
 + Level 6.6 Poison Magic
 + Level 8.7 Invocations
 + Level 7.9 Evocations
 + Level 7.2 Shapeshifting


You had 27 spell levels left.
You knew the following spells:

 Your Spells              Type           Power      Damage    Failure   Level
a - Kiss of Death         Conj/Necr      92%        2d12      14%         1

Your spell library contained the following spells:

 Spells                   Type           Power      Damage    Failure   Level
 Necrotise                Necr           84%        1d8       22%         1
 Dazzling Flash           Conj/Hex       46%        N/A       38%         3
 Stone Arrow              Conj/Erth      46%        3d9       38%         3
 Confusing Touch          Hex            21%        N/A       54%         3
 Tukima's Dance           Hex            21%        N/A       54%         3
 Vampiric Draining        Necr           21%        2d7       54%         3
 Volatile Blastmotes      Fire/Tloc      42%        2d13      54%         3
 Fulminant Prism          Conj/Hex       11%        3d9       80%         4
 Iskenderun's Mystic Bla  Conj/Tloc      23%        2d6       80%         4
 Animate Dead             Necr           21%        N/A       91%         4
 Dimensional Bullseye     Hex/Tloc       10%        N/A       91%         4
 Dispel Undead            Necr           21%        3d11      91%         4
 Agony                    Necr           21%        N/A       99%         5
 Borgnjor's Vile Clutch   Necr/Erth      10%        N/A       99%         5
 Death Channel            Necr           10%        N/A       100%        6
 Malign Gateway           Summ/Tloc      10%        N/A       100%        7
 Summon Horrible Things   Summ           10%        N/A       100%        8


Dungeon Overview and Level Annotations

Branches:
Dungeon (15/15)            Temple (0/1) D:5            Lair (0/5) D:9
    Orc (0/2) D:11          Sewer (visited)
 Vaults: D:13-14     Depths: D:15

Altars:
Cheibriados
Dithmenos
Gozag
Hepliaklqana
Okawaru
Trog
Uskayaw
Wu Jian
Zin
The Shining One
Jiyva

Shops:
D:4 :   D:6 !*=   D:7 !   D:11 (   D:14 *

Portals:
Ice
Cave: D:15

Annotations:
D:7 Jeremiah
D:8 3 runed translucent doors, amoryguerra's ghost, novice MiBe
D:12 3 runed translucent doors, grandjackal's ghost, journeyman DrGl
D:14 exclusion: orange crystal statue


Innate Abilities, Weirdness & Mutations

You have very sharp teeth.
Your uncanny sense of smell can sniff out nearby items.
Your experience applies equally to all skills.


Message History

You hit the large slime creature. You drain the large slime creature.
The large slime creature is almost dead.
The large slime creature closely misses you.
Two slime creatures merge to form an enormous slime creature.
Things that are here:
a +0 chain mail; a +0 hand axe; a +0 orcbow You see here a +0 trident.
The enormous slime creature seems less drained.
Things that are here:
a +0 chain mail; a +0 hand axe; a +0 orcbow You see here a +0 trident.
A large slime creature is nearby!
You whack the large slime creature!
The large slime creature is severely wounded.
The large slime creature hits you!
You whack the large slime creature! You bite the large slime creature.
The large slime creature is severely wounded.
The large slime creature barely misses you.
You barely miss the large slime creature.
Your punch misses the large slime creature.
The large slime creature is severely wounded.
Two slime creatures merge to form a very large slime creature.
You whack the very large slime creature!
The very large slime creature is severely wounded.
You whack the very large slime creature!
The very large slime creature is almost dead.
The very large slime creature hits you!!!
Ouch! That really hurt!
You are too injured to fight recklessly!
You are too injured to fight recklessly!
You are too injured to fight recklessly!
Unknown command.
The very large slime creature attacks as it pursues you!
The very large slime creature misses you.
The very large slime creature attacks as it pursues you!
The very large slime creature hits you!
* * * LOW HITPOINT WARNING * * *
The very large slime creature attacks as it pursues you!
The very large slime creature hits you!!!
You die...

#.....<.......# #
######.........รท...#######
#.........................
#.........#########.#####.
#.........# #.# #.
#.........# #.# #.
#.........# #.# #.
#.........# #.# #.
#........@# #.# #.
#........J# #[# #.
#.........#########)#####.
#...............J.........
#########.##########.#####
#.# ##### #.# #.# #...# #[#
#.# #...# #[# #.####...#
#.#


You could see a very large slime creature.

Vanquished Creatures
  3 hydras
  4 centaur warriors
  2 two-headed ogres
  4 ugly things (D:14)
  2 manticores
  3 cyclopes
  A gargoyle (D:11)
  2 komodo dragons
  3 trolls
  A troll (shapeshifter) (D:14)
  A hornet (D:9)
  6 meliai
  6 slime creatures (D:12)
  A shadow (D:12)
  4 wyverns
  3 wraiths
  2 basilisks (D:14)
  6 yaks (D:8)
  Eustachio (D:5)
  10 vampire mosquitoes
  Menkaure (D:4)
  2 acid dragons
  2 water moccasins
  An ice beast (D:7)
  3 black bears
  12 orc warriors
  2 sky beasts
  2 ogres (D:5)
  9 centaurs
  2 kobold brigands
  3 bullfrogs
  2 scorpions (D:6)
  10 killer bees
  3 howler monkeys
  6 jellies
  9 orc priests
  2 gnoll boudas
  Crazy Yiuf (D:5)
  7 hounds
  4 iguanas
  13 orc wizards
  3 sleepcaps
  Robin (D:3)
  13 gnolls
  13 adders
  2 shadow imps
  A white imp (D:8)
  4 worms
  3 dart slugs
  50 orcs
  6 bats
  9 endoplasms
  9 giant cockroaches
  9 goblins
  11 hobgoblins
  15 kobolds
  8 quokkas
  11 ball pythons
  12 frilled lizards
  5 rats
346 creatures vanquished.

Notes
Turn   | Place    | Note
-------+----------+-------------------------------------------
     0 | D:1      | Rennog the Gnoll Wanderer began the quest for the Orb.
     0 | D:1      | Rennog set off with the following items: a +0 hand axe, a
                  | +0 pair of boots, a potion of heal wounds, a +0 robe; and
                  | the following spell memorised: Kiss of Death; and the
                  | following spells available to memorise: Dazzling Flash,
                  | Stone Arrow.
     0 | D:1      | Reached XP level 1. HP: 23/23 MP: 4/4
   102 | D:1      | Found a faded altar of an unknown god.
   115 | D:1      | Prayed at the altar of an unknown god.
   115 | D:1      | Became a worshipper of Dithmenos the Shadowed
   115 | D:1      | Reached * piety under Dithmenos
   277 | D:1      | Reached XP level 2. HP: 29/29 MP: 5/5
   718 | D:2      | Reached XP level 3. HP: 27/35 MP: 7/7
   761 | D:2      | Reached skill level 1 in Invocations
   810 | D:2      | Reached ** piety under Dithmenos
   821 | D:2      | Reached skill level 1 in Short Blades
   821 | D:2      | Reached skill level 1 in Long Blades
   821 | D:2      | Reached skill level 1 in Maces & Flails
   821 | D:2      | Reached skill level 1 in Polearms
   821 | D:2      | Reached skill level 1 in Staves
   821 | D:2      | Reached skill level 1 in Ranged Weapons
   821 | D:2      | Reached skill level 1 in Throwing
   821 | D:2      | Reached skill level 1 in Armour
   821 | D:2      | Reached skill level 1 in Stealth
   821 | D:2      | Reached skill level 1 in Shields
   821 | D:2      | Reached skill level 1 in Unarmed Combat
   821 | D:2      | Reached skill level 1 in Evocations
   900 | D:2      | Reached XP level 4. HP: 36/40 MP: 8/8
   949 | D:2      | Reached skill level 1 in Shapeshifting
  1622 | D:3      | Reached skill level 1 in Hexes
  1622 | D:3      | Reached skill level 1 in Summonings
  1622 | D:3      | Reached skill level 1 in Necromancy
  1622 | D:3      | Reached skill level 1 in Translocations
  1622 | D:3      | Reached skill level 1 in Transmutations
  1622 | D:3      | Reached skill level 1 in Fire Magic
  1622 | D:3      | Reached skill level 1 in Ice Magic
  1622 | D:3      | Reached skill level 1 in Air Magic
  1622 | D:3      | Reached skill level 1 in Earth Magic
  1622 | D:3      | Reached skill level 1 in Poison Magic
  1798 | D:3      | Reached XP level 5. HP: 46/47 MP: 9/9
  1967 | D:3      | Found a glowing golden altar of the Shining One.
  2005 | D:3      | Found a glowing drain.
  2040 | Sewer    | Entered a sewer
  2122 | Sewer    | Reached *** piety under Dithmenos
  2271 | Sewer    | Reached XP level 6. HP: 47/48 MP: 10/10
  2332 | Sewer    | Reached skill level 5 in Dodging
  3036 | D:4      | Found Emauxt's Self-Improvement Boutique.
  3370 | D:4      | Noticed Menkaure
  4027 | D:4      | Killed Menkaure
  4028 | D:4      | Reached skill level 7 in Fighting
  4028 | D:4      | Reached XP level 7. HP: 46/60 MP: 12/12
  4244 | D:4      | Found a bloodstained altar of Trog.
  4386 | D:4      | Noticed Robin
  4409 | D:3      | Killed Robin
  4615 | D:4      | Found an iron altar of Okawaru.
  4856 | D:4      | Reached **** piety under Dithmenos
  4897 | D:5      | Entered Level 5 of the Dungeon
  4945 | D:5      | Found a staircase to the Ecumenical Temple.
  4967 | D:5      | Reached XP level 8. HP: 13/67 MP: 14/14
  5384 | D:5      | Identified the +2 flail of Ad Valorem {elec, Str+4 Int+2}
  5521 | D:5      | Found a snail-covered altar of Cheibriados.
  5729 | D:5      | Noticed Eustachio
  5760 | D:5      | Killed Eustachio
  5855 | D:5      | Identified the +8 whip "Entarraf" {drain, Str+2 Dex+2
                  | Stlth+}
  6068 | D:5      | Found an opulent altar of Gozag.
  6329 | D:5      | Found a runed translucent door.
  6330 | D:5      | Noticed Crazy Yiuf
  6429 | D:5      | Killed Crazy Yiuf
  6576 | D:6      | Reached XP level 9. HP: 71/73 MP: 16/16
  6920 | D:6      | Noticed a troll
  6925 | D:6      | Killed a troll
  6926 | D:6      | Reached skill level 5 in Spellcasting
  7006 | D:6      | Reached skill level 5 in Axes
  7006 | D:6      | Found Lyonoxut's Assorted Antiques.
  7006 | D:6      | Found Qoiwnets's Jewellery Emporium.
  7009 | D:6      | Found Cometen's Distillery.
  7350 | D:6      | Reached skill level 8 in Fighting
  7361 | D:6      | Found a shadowy altar of Dithmenos.
  7521 | D:7      | Reached ***** piety under Dithmenos
  7541 | D:7      | Reached skill level 5 in Invocations
  7707 | D:7      | Found a glowing silver altar of Zin.
  8175 | D:7      | Found Lyibloat's Distillery.
  8179 | D:7      | Bought a potion of haste for 100 gold pieces
  8179 | D:7      | Bought a potion of berserk rage for 50 gold pieces
  8179 | D:7      | Bought a potion of lignification for 30 gold pieces
  8201 | D:7      | Noticed Jeremiah
  8396 | D:8      | Found a hazy altar of Hepliaklqana.
  8427 | D:8      | Reached XP level 10. HP: 71/80 MP: 18/18
  8772 | D:8      | Found a runed translucent gate.
  8773 | D:8      | Found a runed translucent gate.
  8774 | D:8      | Found a runed translucent gate.
  8816 | D:8      | Reached skill level 5 in Short Blades
  8816 | D:8      | Reached skill level 5 in Long Blades
  8816 | D:8      | Reached skill level 5 in Maces & Flails
  8816 | D:8      | Reached skill level 5 in Polearms
  8816 | D:8      | Reached skill level 5 in Staves
  8816 | D:8      | Reached skill level 5 in Ranged Weapons
  8816 | D:8      | Reached skill level 5 in Throwing
  8816 | D:8      | Reached skill level 5 in Armour
  8816 | D:8      | Reached skill level 5 in Stealth
  8816 | D:8      | Reached skill level 5 in Shields
  8816 | D:8      | Reached skill level 5 in Unarmed Combat
  8816 | D:8      | Reached skill level 5 in Evocations
  9080 | D:8      | Found a hide-covered altar of Uskayaw.
  9392 | D:8      | Noticed amoryguerra's ghost (novice MiBe)
  9685 | D:8      | Found a viscous altar of Jiyva.
 10020 | D:9      | Reached skill level 5 in Shapeshifting
 10714 | D:9      | Found a staircase to the Lair.
 10872 | D:9      | Found an ornate altar of the Wu Jian Council.
 11004 | D:10     | Entered Level 10 of the Dungeon
 11109 | D:10     | Noticed a two-headed ogre
 11138 | D:9      | Reached XP level 11. HP: 75/87 MP: 20/20
 11804 | D:11     | Reached skill level 9 in Fighting
 11804 | D:11     | Reached skill level 5 in Hexes
 11804 | D:11     | Reached skill level 5 in Summonings
 11804 | D:11     | Reached skill level 5 in Necromancy
 11804 | D:11     | Reached skill level 5 in Translocations
 11804 | D:11     | Reached skill level 5 in Transmutations
 11804 | D:11     | Reached skill level 5 in Fire Magic
 11804 | D:11     | Reached skill level 5 in Ice Magic
 11804 | D:11     | Reached skill level 5 in Air Magic
 11804 | D:11     | Reached skill level 5 in Earth Magic
 11804 | D:11     | Reached skill level 5 in Poison Magic
 12048 | D:11     | Noticed a cyclops
 12085 | D:11     | Killed a cyclops
 12245 | D:11     | Found a staircase to the Orcish Mines.
 12892 | D:11     | Found an ornate altar of the Wu Jian Council.
 13225 | D:11     | Found Vamorid's Weapon Shoppe.
 13850 | D:12     | Noticed a manticore
 13864 | D:12     | Killed a manticore
 13969 | D:12     | Found a runed translucent gate.
 13969 | D:12     | Noticed grandjackal's ghost (journeyman DrGl)
 13970 | D:12     | Found a runed translucent gate.
 13971 | D:12     | Found a runed translucent gate.
 14278 | D:12     | Noticed a two-headed ogre
 14288 | D:12     | Killed a two-headed ogre
 14716 | D:12     | Noticed a boulder beetle
 15008 | D:13     | Noticed a centaur warrior
 15013 | D:13     | Noticed a two-headed ogre
 15029 | D:13     | Killed a centaur warrior
 15038 | D:13     | Killed a two-headed ogre
 15039 | D:13     | Reached XP level 12. HP: 46/97 MP: 23/23
 15222 | D:13     | Noticed a centaur warrior
 15235 | D:13     | Killed a centaur warrior
 15395 | D:13     | Found a portal to a secret trove of treasure.
 15477 | D:13     | Noticed an eight-headed hydra
 15491 | Trove    | Entered a treasure trove
 15498 | Trove    | Identified the scarf of Uteaqas {harm, Will+ Regen+ rCorr}
 15509 | Trove    | Identified the ring "Cunoonko" {rPois rF++ rCorr Dex+3
                  | SInv}
 15521 | Trove    | Identified the ring "Maurea Lufe" {*Corrode Fly rN+ AC+4}
 15524 | Trove    | Identified the +0 helmet "Vubb" {Stlth+}
 15831 | D:13     | Noticed a five-headed hydra
 16018 | D:14     | Noticed a five-headed hydra
 16028 | D:14     | Killed a five-headed hydra
 16108 | D:14     | Noticed a vault guard
 16132 | D:14     | Noticed a centaur warrior
 16158 | D:14     | Killed a centaur warrior
 16159 | D:14     | Reached skill level 10 in Fighting
 16164 | D:14     | Noticed a tengu warrior
 16194 | D:15     | Entered Level 15 of the Dungeon
 16204 | D:15     | Found a frozen archway.
 16207 | D:15     | Noticed a four-headed hydra
 16216 | D:15     | Killed a four-headed hydra
 16927 | D:14     | Found Peduen's Assorted Antiques.
 16931 | D:14     | Bought a bloodstained chain mail for 313 gold pieces
 16931 | D:14     | Identified the +0 chain mail "Avyriosu" {rN+++ MP+9 Str-2
                  | Int-4} (You bought it in a shop on level 14 of the Dungeon)
 17326 | D:13     | Noticed a centaur warrior
 17341 | D:13     | Killed a centaur warrior
 17529 | D:14     | Killed an eight-headed hydra
 17916 | D:14     | Demolished by a very large slime creature

Illustrated notes

Levels and vault maps discovered:
D:1:      tarquinn_simple_flora_water_d, layout_rooms,
          ebering_ecumenical_altar_petrified, serial_corexii_hall,
          chequers_hall_statues_corner_a, corexii_hall_statues_u,
          hangedman_decor_growths, minmay_split_cup_large
D:2:      layout_basic
D:3:      layout_loops_corners, general_overflow_altar,
          cheibrodos_sewer_entry_bend, serial_rivers,
          chequers_serial_rivers_micro_d, chequers_serial_rivers_large_a,
          chequers_serial_rivers_marsh, chequers_serial_rivers_large_b,
          chequers_serial_rivers_small_b, chequers_serial_rivers_micro_b
D:4:      layout_basic, lemuel_coloured_pillars_altar, trog_ov_bears_minmay,
          nicolae_shop_self_help, uniq_menkaure, uniq_robin
D:5:      layout_loops_cross, grunt_gozag_breadcrumbs,
          mainiacjoe_overflow_tiny_flanked, minmay_temple_entry_water_ring,
          uniq_eustachio, uniq_crazy_yiuf_cottage
D:6:      layout_basic, nicolae_dithmenos_the_darkroom, serial_curves,
          eino_curves_02, eino_curves_03, eino_curves_01, eino_curves_04,
          nicolae_shop_distant_corner_stores
D:7:      layout_loops_ring, mainiacjoe_overflow_chevrons,
          chequers_temple_overflow_minitemple, serial_shops,
          nicolae_shop_back_alley_shop, uniq_jeremiah
D:8:      layout_layer_cave, nicolae_overflow_crystal_walls,
          mainiacjoe_overflow_surrounded_room, gammafunk_ghost_ooze,
          minmay_misc_feat_plants
D:9:      layout_irregular_city, amcnicky_altar_gilded, david_lair_shrubbed
D:10:     layout_rooms, nicolae_the_louvre
D:11:     layout_roguey, orc_0_dummy, serial_shops, shop,
          nzn_wu_jian_council_hall
D:12:     layout_grid_maze, gammafunk_ghost_nasty_kobolds,
          minmay_fractal_squares_5
D:13:     layout_roguey, enter_trove_0, dreamdust_mushroom_princess,
          grunt_ministairs_13, minivault_4
D:14:     layout_small_grid, grunt_vaults_entry_fortified, special_room
          [special_room_orc], serial_shops, nicolae_shop_pleasant_corner_grove,
          minivault_16
D:15:     hangedman_depths_entry_try_elsewhere_first, layout_long_grid,
          portal_ice_cave_entry_pillars_1, minivault_25,
          minmay_misc_feat_enclosed, hellmonk_scale_shop

Skill      XL: |  1  2  3  4  5  6  7  8  9 10 11 12 |
---------------+-------------------------------------+-----
Invocations    | 1 2 3 4 5 6 7 8 |  8.7
Short Blades   | 1 2 3 4 5 7 |  7.9
Long Blades    | 1 2 3 4 5 7 |  7.9
Maces & Flails | 1 2 3 4 5 7 |  7.9
Polearms       | 1 2 3 4 5 7 |  7.9
Staves         | 1 2 3 4 5 7 |  7.9
Ranged Weapons | 1 2 3 4 5 7 |  7.9
Throwing       | 1 2 3 4 5 7 |  7.9
Armour         | 1 2 3 4 5 7 |  7.9
Stealth        | 1 2 3 4 5 7 |  7.9
Shields        | 1 2 3 4 5 7 |  7.9
Unarmed Combat | 1 2 3 4 5 7 |  7.9
Evocations     | 1 2 3 4 5 7 |  7.9
Shapeshifting  | 1 2 3 4 5 6 7 |  7.2
Spellcasting   | 3 4 5 6 7 8 |  8.5
Hexes          | 1 2 3 4 5 6 |  6.6
Summonings     | 1 2 3 4 5 6 |  6.6
Necromancy     | 1 2 3 4 5 6 |  6.6
Translocations | 1 2 3 4 5 6 |  6.6
Transmutations | 1 2 3 4 5 6 |  6.6
Fire Magic     | 1 2 3 4 5 6 |  6.6
Ice Magic      | 1 2 3 4 5 6 |  6.6
Air Magic      | 1 2 3 4 5 6 |  6.6
Earth Magic    | 1 2 3 4 5 6 |  6.6
Poison Magic   | 1 2 3 4 5 6 |  6.6
Axes           | 3 4 5 6 7 8 |  8.4
Dodging        | 5 6 7 8 9 |  9.2
Fighting       | 7 8 9 10 | 10.3
Conjurations   | 6 7 8 |  8.7

Action                     |  1- 3 |  4- 6 |  7- 9 | 10-12 || total
---------------------------+-------+-------+-------+-------++-------
  Melee: Hand axe          |     9 |       |       |       ||     9
         Spear             |    77 |   278 |   295 |       ||   650
         Bite              |     4 |    16 |    49 |   124 ||   193
         Punch             |       |     2 |    10 |    41 ||    53
         Whip              |       |       |   171 |   799 ||   970
  Throw: Dart              |       |       |       |     3 ||     3
   Cast: Kiss of Death     |       |     1 |       |       ||     1
  Evoke: Wand              |       |       |       |    15 ||    15
    Use: Potion            |       |     1 |       |     2 ||     3
         Scroll            |       |       |     7 |     3 ||    10
   Stab: Sleeping          |     1 |     3 |       |       ||     4
         Distracted        |       |       |     1 |       ||     1
 Armour: Robe              |    34 |    97 |       |       ||   131
         Scale mail        |       |     2 |   250 |       ||   252
         Chain mail        |       |       |     2 |       ||     2
         Plate armour      |       |       |   168 |   781 ||   949
  Dodge: Dodged            |    50 |   177 |   250 |   577 ||  1054

Table legend: (Time is in decaauts)
 A = Elapsed time spent in this place.
 B = Non-inter-level travel time spent in this place.
 C = Inter-level travel time spent in this place.
 D = Time resting spent in this place.
 E = Time spent auto-exploring this place.
 F = Levels seen in this place.
 G = Mean time per level.
                   A        B        C        D        E       F      G
               +--------+--------+--------+--------+--------+-----+--------+
         Total |  17831 |  16542 |   1289 |   1804 |  11586 |  17 | 1048.9 |
       Dungeon |  17401 |  16112 |   1289 |   1804 |  11402 |  15 | 1160.1 |
         Trove |     74 |     74 |      0 |      0 |      5 |   1 |   74.0 |
         Sewer |    354 |    354 |      0 |      0 |    178 |   1 |  354.0 |
               +--------+--------+--------+--------+--------+-----+--------+

Top non-repeatable levels by time:
     D:4: 1844 daAuts
     D:8: 1562 daAuts
    D:12: 1516 daAuts
    D:14: 1468 daAuts
    D:11: 1444 daAuts
     D:9: 1408 daAuts
     D:5: 1337 daAuts
     D:6: 1284 daAuts
     D:3: 1243 daAuts
    D:13: 1150 daAuts
     D:2: 845 daAuts
     D:7: 767 daAuts
     D:1: 708 daAuts
    D:10: 461 daAuts
    D:15: 358 daAuts
